 Dungeon Crawl Stone Soup version 0.30.1-11-g7821555f0a (webtiles) character file.

Game seed: 11011480884487694632

42 DrWho the Sneak (level 3, -8/17 HPs)
             Began as a Spriggan Enchanter on Nov 10, 2023.
             Killed by divine providence
             ... invoked by an orc priest
              (9 damage)
             ... on level 3 of the Dungeon.
             The game lasted 00:03:41 (730 turns).

DrWho the Sneak (Spriggan Enchanter)                 Turns: 730, Time: 00:03:42

Health: -8/17      AC:  2    Str:  3    XL:     3   Next: 33%
Magic:  4/8        EV: 17    Int: 22    God:
Gold:   68         SH:  0    Dex: 14    Spells: 0/8 levels left

rFire   . . .        a - +1 dagger
rCold   . . .        (no shield)
rNeg    . . .        b - +0 robe
rPois   .            (helmet restricted)
rElec   .            (no cloak)
rCorr   .            (gloves unavailable)
SInv    +            (boots unavailable)
Will    .....        (no amulet)
Stlth   +++          (no ring)
HPRegen 0.22/turn    (no ring)
MPRegen 0.11/turn

%: no passive effects
@: about to teleport, very quick
A: very small, no large weapons, unfitting armour, see invisible, speed 3,
clever 1
a: no special abilities


You were on level 3 of the Dungeon.
You visited 1 branch of the dungeon, and saw 3 of its levels.

You collected 68 gold pieces.

Inventory:

Hand Weapons
 a - a +1 dagger (weapon)
Armour
 b - a +0 robe (worn)


   Skills:
 * Level 0.4 Fighting
 * Level 1.2 Short Blades
 * Level 0.6 Armour
 * Level 2.9 Dodging
 * Level 5.1 Stealth
 * Level 3.0 Spellcasting
 * Level 4.0 Hexes
 * Level 0.1 Ice Magic


You couldn't memorise any spells.
You knew the following spells:

 Your Spells              Type           Power      Damage    Failure   Level
a - Ensorcelled Hibernat  Hex/Ice        24%        N/A       8%          2
b - Confusing Touch       Hex            21%        N/A       7%          3
c - Tukima's Dance        Hex            21%        N/A       7%          3

Your spell library contained the following spells:

 Spells                   Type           Power      Damage    Failure   Level
 Dazzling Flash           Conj/Hex       24%        N/A       16%         3


Dungeon Overview and Level Annotations

Branches:
Dungeon (3/15)

Altars:


Innate Abilities, Weirdness & Mutations

You are very small and have problems with some larger weapons.
You are too small for most types of armour.
You have supernaturally acute eyesight. (SInv)
You cover ground extremely quickly. (Speed+++)
Your mind is acute. (Int +4, Str/Dex -1)


Message History

You kill the orc!
Your +0 short sword hits the orc wizard.
Things that are here:
a +0 dagger; 4 stones Your +0 short sword is smitten.
Your +0 short sword falls from the air.
The orc wizard points at you and mumbles some strange words.
The puff of flame hits you.
You miss the orc wizard.
The orc wizard is lightly wounded.
A ball python comes into view.
The orc wizard gestures wildly while chanting.
The orc wizard flickers and vanishes for a moment.
The orc priest shouts!
You completely miss the orc wizard.
The orc wizard is lightly wounded.
The orc wizard hits you with a +0 dagger.
You hit the orc wizard.
The orc wizard is moderately wounded.
The orc wizard gestures at you while chanting.
The puff of flame hits you!
* * * LOW HITPOINT WARNING * * *
The orc priest looks encouraged for a moment.
The goblin closely misses you.
As you read the scroll labelled XITUOFOLAI, it crumbles to dust.
You feel strangely unstable.
It was a scroll of teleportation.
The orc wizard points at you and mumbles some strange words.
You resist with some effort. The goblin misses you.
It was a potion of mutation.
You feel extremely strange.
You feel clever. The orc wizard closely misses you. The goblin misses you.
Things that are here:
a +0 dagger; 4 stones The orc wizard gestures at you while chanting.
The magic dart hits you.
* * * LOW HITPOINT WARNING * * *
The orc priest invokes the aid of Beogh against you.
Beogh smites you!
Ouch! That really hurt!
You die...

##.## ##...####
........## ##
##........# ..
..........
#.####.........
.####.#...........#
........g..@...##
##...oSo†..........
#.###.#.###.##.##.#
#.#..##.# .# #
##....# <. #..###
.# # #..# # .# #..#
#. #..#


You could see an orc priest, an orc wizard (invisible), a goblin and a ball
python.

Vanquished Creatures
  2 dart slugs
  4 orcs (D:3)
  3 ball pythons
  2 endoplasms (D:1)
  5 giant cockroaches
  2 goblins
  4 quokkas
  3 bats
  A kobold (D:3)
  3 rats
29 creatures vanquished.

Vanquished Creatures (others)
  A dancing weapon (D:3)
1 creature vanquished.

Grand Total: 30 creatures vanquished

Notes
Turn   | Place    | Note
-------+----------+-------------------------------------------
     0 | D:1      | DrWho the Spriggan Enchanter began the quest for the Orb.
     0 | D:1      | Reached XP level 1. HP: 9/9 MP: 5/5
   142 | D:1      | Reached XP level 2. HP: 8/13 MP: 6/6
   192 | D:1      | Learned a level 2 spell: Ensorcelled Hibernation
   461 | D:2      | Reached skill level 5 in Stealth
   516 | D:2      | Reached XP level 3. HP: 17/17 MP: 0/8
   520 | D:2      | Learned a level 3 spell: Confusing Touch
   524 | D:2      | Learned a level 3 spell: Tukima's Dance
   726 | D:3      | Gained mutation: Your mind is acute. (Int +4, Str/Dex -1)
                  | [potion of mutation]
   730 | D:3      | Killed from afar by an orc priest

Illustrated notes

Levels and vault maps discovered:
D:1:      sevenhm_arrival_forest_fort_small_4, layout_rooms
D:2:      layout_loops_ring, serial_shops, nicolae_shop_rolling_square
D:3:      layout_loops_ring, nicolae_overflow_ecumenical_swirl,
          hellmonk_ecumenical_altar_heavens_door

Skill      XL: |  1  2 |
---------------+-------+-----
Spellcasting   | 3 |  3.0
Stealth        | 5 |  5.1
Hexes          | 4 |  4.0
Fighting       | |  0.4
Short Blades   | |  1.2
Armour         | |  0.6
Dodging        | |  2.9
Ice Magic      | |  0.1

Action                     || total
---------------------------++-------
  Melee: Dagger            ||    63
   Cast: Ensorcelled Hiber ||    11
         Tukima's Dance    ||     3
    Use: Potion            ||     3
         Scroll            ||     1
   Stab: Invisible         ||     2
         Sleeping          ||    12
         Distracted        ||     1
 Armour: Robe              ||     5
  Dodge: Dodged            ||    62
